 Dungeon Crawl Stone Soup version 0.31-a0-1-g4198be8af4 (webtiles) character file.

Game seed: 4030455154848621705

40928 Pestilence the Protected (level 14, -1/138 HPs)
             Began as a Tengu Berserker on May 3, 2023.
             Was an Elder of Trog.
             Succumbed to a swamp dragon's poison gas
             ... on level 14 of the Dungeon.
             The game lasted 00:29:20 (18025 turns).

Pestilence the Protected (Tengu Berserker)         Turns: 18025, Time: 00:29:21

Health: -1/138     AC: 22    Str: 26    XL:     14   Next: 13%
Magic:  15/15      EV: 22    Int:  7    God:    Trog [****..]
Gold:   650        SH:  0    Dex: 13    Spells: 13/13 levels left

rFire   + . .        j - +4 war axe
rCold   + . .        (no shield)
rNeg    + . .        a - +3 chain mail {rC+}
rPois   .            (helmet restricted)
rElec   .            x - +0 cloak
rCorr   .            H - +1 pair of gloves
SInv    .            (boots unavailable)
Will    +++..        (no amulet) Stlth
                     G - ring of Doors {rF+ rN+ Slay+4 Stlth-}
HPRegen 1.43/turn    p - +5 ring of evasion
MPRegen 0.14/turn

%: no passive effects
@: berserking, lethally poisoned (-1 -> -70), strong-willed, flying quickly and
evasively, regenerating, very quick
A: beak, talons 3, nimble flight, iridescent scales 1, strong 1, no potion heal
1, MP-powered wands
a: Renounce Religion, Berserk, Trog's Hand, Brothers in Arms


You were on level 14 of the Dungeon.
You worshipped Trog.
Trog was greatly pleased with you.
You visited 1 branch of the dungeon, and saw 14 of its levels.
You visited the Abyss 1 time.
You also visited: Sewer and Ice Cave.

You collected 650 gold pieces.

Inventory:

Hand Weapons
 c - a +0 war axe of flaming
 e - a +0 battleaxe
 j - a +4 war axe (weapon)
 z - the +7 staff of the Meek {protect, meekguard}
   (You found it on level 7 of the Dungeon)
Armour
 a - a +3 chain mail of cold resistance (worn)
 x - a +0 cloak (worn)
 H - a +1 pair of gloves (worn)
Jewellery
 p - a +5 ring of evasion (right hand)
 E - a ring of poison resistance
 G - the ring of Doors (left hand) {rF+ rN+ Slay+4 Stlth-}
   (You found it in an ice cave)

   [ring of slaying]

   Slay:      It affects your accuracy & damage with ranged weapons and melee
   (+4).
   rF:        It protects you from fire.
   rN:        It protects you from negative energy.
   Stlth:     It makes you less stealthy.
Wands
 d - a wand of roots (12)
 o - a wand of paralysis (24)
 w - a wand of quicksilver (12)
 y - a wand of flame (40)
 F - a wand of polymorph (3)
Scrolls
 h - 2 scrolls of blinking
 k - a scroll of silence
 q - a scroll of magic mapping
 u - 3 scrolls of fear
 D - 2 scrolls of fog
Potions
 b - 2 potions of heal wounds
 f - 7 potions of mutation
 g - a potion of berserk rage
 i - 2 potions of invisibility
 l - 4 potions of might
 m - 4 potions of haste
 n - 2 potions of attraction
 s - 5 potions of curing
 t - 6 potions of ambrosia {unknown}
 A - 2 potions of brilliance {unknown}
 B - a potion of lignification {unknown}
 C - 3 potions of flight {unknown}


   Skills:
 + Level 12.8 Fighting
 - Level 12.0 Axes
 + Level 13.7 Armour
 + Level 13.7 Dodging
 + Level 4.0 Evocations


You had 13 spell levels left.
You didn't know any spells.
Your spell library contained the following spells:

 Spells                   Type           Power      Damage    Failure   Level
 Beastly Appendage        Tmut           0%         N/A       83%         1
 Wereblood                Tmut           0%         N/A       93%         2
 Spider Form              Tmut/Pois      0%         N/A       99%         3


Dungeon Overview and Level Annotations

Branches:
Dungeon (14/15)            Temple (0/1) D:5            Lair (0/5) D:9
    Orc (0/2) D:9           Sewer (visited)           IceCv (visited)
 Vaults: D:13-14

Altars:
Dithmenos
Elyvilon
Fedhas
Hepliaklqana
Kikubaaqudgha
Makhleb
Sif Muna
Xom
Yredelemnul

Shops:
D:13 :

Annotations:
D:13 3 runed translucent doors, HilariousDeathArtist's ghost, journeyman DjNe
D:14 Rupert


Innate Abilities, Weirdness & Mutations

You have a beak for a mouth.
You have claws for feet.
Your magical nature lets you fly swiftly and evasively.
You are partially covered in iridescent scales. (AC +2)
Your muscles are strong. (Str +4, Int/Dex -1)
Potions are less effective at restoring your health.
You expend magic power (3 MP) to strengthen your wands.


Message History

You are engulfed in poison gas.
You are more poisoned.
You feel extremely sick. The swamp dragon closely misses you.
The swamp dragon completely misses you. The swamp dragon closely misses you.
Rupert the Wild comes into view.
He is wielding a +0 battleaxe of flaming and wearing a +3 scale mail of poison resistance.
You barely miss the swamp dragon. You claw the swamp dragon!
The swamp dragon is lightly wounded.
You are engulfed in poison gas.
You are more poisoned.
You feel extremely sick.
The swamp dragon breathes poison at you.
The blast of poison engulfs you but does no damage.
You are more poisoned.
You slash the swamp dragon! You punch the swamp dragon!
The swamp dragon is moderately wounded.
You are engulfed in poison gas.
You are lethally poisoned!
* * * LOW HITPOINT WARNING * * *
You feel extremely sick.
You slash the swamp dragon!
The swamp dragon is heavily wounded.
You are engulfed in poison gas.
You are more poisoned.
* * * LOW HITPOINT WARNING * * *
You feel extremely sick. The swamp dragon completely misses you.
The swamp dragon claws you but does no damage.
The swamp dragon barely misses you.
You are too berserk!
You completely miss the swamp dragon. Your peck misses the swamp dragon.
The swamp dragon is heavily wounded.
You are engulfed in poison gas.
You are more poisoned.
* * * LOW HITPOINT WARNING * * *
x2 You feel extremely sick.
You slice the swamp dragon!! You claw the swamp dragon!
You kill the swamp dragon!
Trog accepts your kill.
You die...

#..# #..# #[.
#########..# #..#
### #..........#
#..#
#..........#####..#
.
#########.........#
. #...○.....#
#○.#####..#
#######§○# ....
.....○☼@.# ....
.....○..># ###
.....°...#
..<....=.#
..........
....@..#### .......
.......


You could see Rupert.

Vanquished Creatures
  Jorgrun (D:13)
  Kirke (D:13)
  Agnes (D:14)
  An azure jelly (IceCv)
  A quicksilver ooze (IceCv)
  A yaktaur captain (D:12)
  Erolcha (D:10)
  2 hydras
  2 centaur warriors
  2 boulder beetles
  6 two-headed ogres
  A deep troll (shapeshifter) (D:12)
  A swamp dragon (shapeshifter) (D:14)
  Pikel (D:6)
  4 cyclopes
  5 ugly things
  5 manticores
  2 ice statues (IceCv)
  27 slime creatures
  Maggie (D:6)
  A kobold demonologist (D:12)
  2 unseen horrors (D:12)
  An efreet (D:14)
  A tengu conjurer (D:13)
  5 trolls
  5 meliai
  A queen bee (D:12)
  7 yaks
  5 vampires
  A shadow (D:8)
  3 wraiths
  Eustachio (D:6)
  2 hogs (D:13)
  A basilisk (D:13)
  4 vampire mosquitoes (D:13)
  Edmund (D:4)
  An acid dragon (D:9)
  A water moccasin (D:6)
  2 ice beasts
  2 great orb of eyes simulacra (IceCv)
  A sky beast (D:7)
  2 orc warriors
  3 centaurs
  An ogre (D:5)
  A phantom (D:7)
  4 slime creature simulacra (IceCv)
  2 lemures (D:6)
  6 kobold brigands
  Blork the orc (D:5)
  4 gnoll sergeants
  5 bullfrogs
  A two-headed ogre simulacrum (D:11)
  3 scorpions (D:5)
  A glowing shapeshifter simulacrum (IceCv)
  18 wights
  43 killer bees
  A howler monkey (D:10)
  A jelly (D:5)
  A gnoll bouda (D:8)
  4 orc priests (D:7)
  3 hounds
  Crazy Yiuf (D:6)
  2 sleepcaps
  3 iguanas
  15 orc wizards
  4 shapeshifter simulacra (IceCv)
  21 gnolls
  8 adders
  6 river rats
  An ufetubus (D:7)
  4 worms
  A dart slug (D:3)
  26 orcs
  7 ball pythons
  4 bats (D:1)
  5 endoplasms
  3 giant cockroaches
  11 goblins
  8 hobgoblins
  3 jackals (D:2)
  29 kobolds
  6 quokkas
  A frilled lizard (D:1)
  35 rats
423 creatures vanquished.

Vanquished Creatures (collateral kills)
  Nessos (D:12)
  A troll (D:12)
  Grinder (D:5)
  A slime creature (IceCv)
  A wraith (D:12)
  A slime creature simulacrum (IceCv)
  5 killer bees
11 creatures vanquished.

Vanquished Creatures (others)
  An orc wizard (D:12)
  2 demonic plants (D:11)
  21 plants
24 creatures vanquished.

Grand Total: 458 creatures vanquished

Notes
Turn   | Place    | Note
-------+----------+-------------------------------------------
     0 | D:1      | Pestilence the Tengu Berserker began the quest for the Orb.
     0 | D:1      | Reached XP level 1. HP: 14/14 MP: 2/2
   412 | D:1      | Reached XP level 2. HP: 19/19 MP: 3/3
   669 | D:1      | Reached ** piety under Trog
   936 | D:2      | Reached XP level 3. HP: 23/23 MP: 4/4
  1363 | D:2      | Identified the +0 robe "Jujaeher" {rElec rF- rCorr Stlth+}
  1922 | D:3      | Reached XP level 4. HP: 28/28 MP: 5/5
  2453 | D:4      | Noticed Edmund
  2464 | D:4      | Gained mutation: Your magical nature lets you fly swiftly
                  | and evasively. [Tengu growth]
  2464 | D:4      | Reached XP level 5. HP: 17/33 MP: 6/6
  2464 | D:4      | Killed Edmund
  2465 | D:4      | Reached XP level 6. HP: 20/38 MP: 7/7
  2468 | D:4      | Found a glowing drain.
  2499 | Sewer    | Entered a sewer
  2573 | Sewer    | Reached *** piety under Trog
  2670 | Sewer    | Reached skill level 5 in Axes
  2784 | Sewer    | Reached XP level 7. HP: 44/44 MP: 8/8
  3682 | D:5      | Entered Level 5 of the Dungeon
  3757 | D:5      | Reached skill level 5 in Fighting
  3758 | D:5      | Reached skill level 5 in Armour
  3758 | D:5      | Reached skill level 5 in Dodging
  3838 | D:5      | Reached XP level 8. HP: 48/49 MP: 9/9
  3878 | D:5      | Reached **** piety under Trog
  3975 | D:5      | Found a staircase to the Ecumenical Temple.
  4015 | D:5      | Noticed Grinder
  4036 | D:5      | Killed Grinder
  4253 | D:5      | Found a burning altar of Makhleb.
  4258 | D:5      | Noticed Blork the orc
  4265 | D:5      | Killed Blork the orc
  4282 | D:5      | Identified the +5 whip of Sloth {freeze, rN+}
  4852 | D:6      | Noticed Maggie
  4965 | D:6      | Killed Maggie
  4966 | D:6      | Reached XP level 9. HP: 56/56 MP: 10/10
  5006 | D:6      | Noticed Eustachio
  5023 | D:6      | Killed Eustachio
  5145 | D:6      | Gained mutation: You are clumsy. (Dex -2) [potion of
                  | mutation]
  5145 | D:6      | Gained mutation: You occasionally shout uncontrollably at
                  | your foes. [potion of mutation]
  5146 | D:6      | Lost mutation: You are clumsy. (Dex -2) [potion of
                  | mutation]
  5146 | D:6      | Lost mutation: You occasionally shout uncontrollably at
                  | your foes. [potion of mutation]
  5146 | D:6      | Gained mutation: You expend magic power (3 MP) to
                  | strengthen your wands. [potion of mutation]
  5146 | D:6      | Gained mutation: You have hidden genetic potential. [potion
                  | of mutation]
  5146 | D:6      | Gained mutation: Potions are less effective at restoring
                  | your health. [potion of mutation]
  5164 | D:6      | Found a basalt altar of Yredelemnul.
  5223 | D:6      | Noticed Pikel
  5242 | D:6      | Killed Pikel
  5528 | D:6      | Found a runed translucent door.
  5529 | D:6      | Noticed Crazy Yiuf
  5649 | D:6      | Killed Crazy Yiuf
  5999 | D:7      | Found a hazy altar of Hepliaklqana.
  6086 | D:7      | Reached XP level 10. HP: 63/63 MP: 11/11
  6115 | D:7      | Found the +7 staff of the Meek {protect, meekguard}
  6342 | D:7      | Found a shimmering altar of Xom.
  6822 | D:8      | Found a blossoming altar of Fedhas.
  6822 | D:8      | Found an ancient bone altar of Kikubaaqudgha.
  6908 | D:8      | Gained mutation: Your muscles are strong. (Str +4, Int/Dex
                  | -1) [hidden potential]
  8145 | D:9      | Found a staircase to the Lair.
  8145 | D:9      | Found a staircase to the Orcish Mines.
  8178 | D:9      | Found a shadowy altar of Dithmenos.
  8207 | D:9      | Noticed a two-headed ogre
  8214 | D:9      | Killed a two-headed ogre
  8278 | D:9      | Noticed a cyclops
  8284 | D:9      | Killed a cyclops
  8378 | D:9      | Found a shimmering blue altar of Sif Muna.
  8732 | D:9      | Reached XP level 11. HP: 63/69 MP: 12/12
  8960 | D:9      | Identified the +4 long sword of Floral Resourcefulness
                  | {drain, rPois Int+3 Dex+2}
  9211 | D:10     | Entered Level 10 of the Dungeon
  9352 | D:10     | Gained mutation: You are partially covered in iridescent
                  | scales. (AC +2) [hidden potential]
  9352 | D:10     | Lost mutation: You have hidden genetic potential. [hidden
                  | potential expressed]
  9376 | D:10     | Noticed a two-headed ogre
  9382 | D:10     | Killed a two-headed ogre
  9383 | D:10     | Reached skill level 10 in Axes
  9608 | D:10     | Noticed a two-headed ogre
  9613 | D:10     | Killed a two-headed ogre
  9724 | D:10     | Identified the +4 ring mail of Indomitability {MP+9 Str+7}
  9753 | D:10     | Noticed Erolcha
  9754 | Abyss:1  | Cast into level 1 of the Abyss (Erolcha)
  9764 | D:10     | Escaped the Abyss
  9789 | D:10     | Killed Erolcha
 10095 | D:11     | Reached skill level 10 in Armour
 10163 | D:11     | Noticed a two-headed ogre
 10173 | D:11     | Killed a two-headed ogre
 10174 | D:11     | Reached skill level 10 in Dodging
 10236 | D:11     | Noticed a cyclops
 10243 | D:11     | Killed a cyclops
 10253 | D:11     | Noticed a two-headed ogre
 10259 | D:11     | Killed a two-headed ogre
 10377 | D:11     | Found a frozen archway.
 10388 | IceCv    | Entered an ice cave
 10462 | IceCv    | Reached skill level 10 in Fighting
 11048 | IceCv    | Reached XP level 12. HP: 77/77 MP: 13/13
 12545 | IceCv    | Found a viscous altar of Jiyva.
 12545 | IceCv    | Noticed an azure jelly
 12554 | IceCv    | Killed an azure jelly
 12795 | IceCv    | Noticed a quicksilver ooze
 12803 | IceCv    | Killed a quicksilver ooze
 13000 | IceCv    | Identified the ring of Doors {rF+ rN+ Slay+4 Stlth-}
 13606 | D:12     | Noticed Nessos
 13623 | D:12     | Killed Nessos
 13967 | D:12     | Noticed a boulder beetle
 13972 | D:12     | Noticed a seven-headed hydra
 13974 | D:12     | Reached XP level 13. HP: 84/84 MP: 14/14
 13985 | D:12     | Found a white marble altar of Elyvilon.
 15240 | D:12     | Noticed a yaktaur captain
 15252 | D:12     | Killed a yaktaur captain
 15657 | D:13     | Found a runed translucent gate.
 15657 | D:13     | Found a runed translucent gate.
 15657 | D:13     | Found a runed translucent gate.
 15660 | D:13     | Noticed HilariousDeathArtist's ghost (journeyman DjNe)
 15660 | D:13     | Noticed a stone giant
 15872 | D:13     | Reached skill level 1 in Evocations
 16425 | D:13     | Noticed Jorgrun
 16439 | D:13     | Killed Jorgrun
 16633 | D:13     | Noticed Kirke
 16641 | D:13     | Killed Kirke
 16728 | D:13     | Found Hagyvat's Book Shoppe.
 17381 | D:13     | Reached XP level 14. HP: 56/92 MP: 15/15
 17910 | D:14     | Noticed Agnes
 17921 | D:14     | Killed Agnes
 18020 | D:14     | Noticed Rupert
 18025 | D:14     | Succumbed to a swamp dragon's poison gas

Illustrated notes

Levels and vault maps discovered:
D:1:      minmay_arrival_loop, layout_basic, serial_co_window_serial,
          co_window_corner_a, co_window_corner_a, co_window_paths_a,
          co_window_paths_a, co_window_paths_a, co_window_of_opportunity_b,
          co_window_unsneaky_path_e, co_window_of_opportunity_c,
          co_window_corner_cb, co_window_broadway_c, co_window_paths_c,
          chequers_serial_rivers_micro_d
D:2:      layout_loops_corners
D:3:      layout_basic
D:4:      layout_cave_pools, portal_sewer_entry_c, corexii_shack, uniq_edmund
D:5:      layout_gridville, bloody_makhleb, minmay_temple_entry_tees,
          corexii_leaking_fountain, uniq_blork_the_orc, uniq_grinder
D:6:      layout_loops_ring, mainiacjoe_overflow_small_starburst, uniq_maggie,
          uniq_crazy_yiuf_cottage, uniq_eustachio, uniq_pikel
D:7:      layout_cave_pods, mainiacjoe_overflow_concentric_impassable,
          lemuel_crystal_altar, pf_guarded_unrand_meek
D:8:      layout_loops_ring, grunt_temple_overflow_growth_and_decay
D:9:      nicolae_cairo_tiling_large, layout_irregular_city,
          lemuel_blue_sif_altar, mainiacjoe_overflow_six_doors_small,
          lair_entry_dummy, orc_0_dummy, grunt_ministairs_8, solitary_fountain
D:10:     layout_irregular_city, minmay_misc_feat_pillars, uniq_erolcha
D:11:     layout_irregular_city, serial_glass, glass_columns_a, glass_columns_c,
          portal_ice_cave_entry_ice_simulacra, dreamdust_princess_corridor
D:12:     regret_index_bee_streams, layout_irregular_city,
          nicolae_elyvilon_temple_path, uniq_nessos
D:13:     layout_grid_maze, serial_shops, nicolae_shop_pleasant_corner_grove,
          gammafunk_ghost_split, uniq_kirke, uniq_jorgrun
D:14:     layout_small_grid, ximxim_vaults_locker_room, eino_jars, uniq_louise,
          uniq_agnes, uniq_rupert, uniq_frances

Skill      XL: |  1  2  3  4  5  6  7  8  9 10 11 12 13 14 |
---------------+-------------------------------------------+-----
Armour         | 3 4 5 6 7 9 10 12 13 | 13.7
Dodging        | 3 4 5 6 7 9 10 12 13 | 13.7
Axes           | 4 5 7 8 9 11 12 | 12.0
Fighting       | 4 5 6 7 8 10 11 12 | 12.8
Evocations     | 3 4 |  4.0

Action                     |  1- 3 |  4- 6 |  7- 9 | 10-12 | 13-15 || total
---------------------------+-------+-------+-------+-------+-------++-------
  Melee: Hand axe          |    79 |   126 |   167 |   145 |       ||   517
         Kick              |    17 |    38 |    58 |   145 |    86 ||   344
         Peck              |     8 |    18 |    31 |    71 |    42 ||   170
         Punch             |       |     1 |     3 |     5 |     4 ||    13
         War axe           |       |       |       |   230 |   223 ||   453
         Scimitar          |       |       |       |       |     9 ||     9
 Invoke: Berserk           |       |     3 |    13 |    20 |    10 ||    46
         Trog's Hand       |       |     1 |       |     3 |     1 ||     5
         Brothers in Arms  |       |       |     1 |     6 |       ||     7
  Evoke: Wand              |       |       |       |     7 |     3 ||    10
    Use: Scroll            |     5 |       |     7 |     9 |     5 ||    26
         Potion            |       |       |     2 |     1 |       ||     3
   Stab: Paralysed         |       |       |       |       |     3 ||     3
 Armour: Chain mail        |    46 |    52 |    54 |   146 |    82 ||   380
         Animal skin       |     1 |       |       |       |       ||     1
  Dodge: Dodged            |    43 |    88 |   100 |   385 |   251 ||   867

Table legend: (Time is in decaauts)
 A = Elapsed time spent in this place.
 B = Non-inter-level travel time spent in this place.
 C = Inter-level travel time spent in this place.
 D = Time resting spent in this place.
 E = Time spent auto-exploring this place.
 F = Levels seen in this place.
 G = Mean time per level.
                   A        B        C        D        E       F      G
               +--------+--------+--------+--------+--------+-----+--------+
         Total |  17673 |  17328 |    345 |   6144 |   7976 |  17 | 1039.6 |
       Dungeon |  14168 |  13823 |    345 |   3593 |   7752 |  14 | 1012.0 |
         Abyss |      8 |      8 |      0 |      0 |      0 |   1 |    8.0 |
         Sewer |    761 |    761 |      0 |    309 |    224 |   1 |  761.0 |
      Ice Cave |   2734 |   2734 |      0 |   2241 |      0 |   1 | 2734.0 |
               +--------+--------+--------+--------+--------+-----+--------+

Top non-repeatable levels by time:
   IceCv: 2734 daAuts
    D:12: 2120 daAuts
    D:13: 1932 daAuts
     D:9: 1548 daAuts
     D:5: 977 daAuts
     D:6: 963 daAuts
     D:1: 928 daAuts
     D:7: 891 daAuts
     D:8: 859 daAuts
     D:2: 802 daAuts
    D:10: 771 daAuts
   Sewer: 761 daAuts
     D:3: 733 daAuts
    D:11: 715 daAuts
     D:4: 561 daAuts
